Map: Echo LE (Void)

Players

Kelazhur - Winner!

  • Race: Terran Terran
  • Spawn Location: 11:00

SortOf

  • Race: Zerg Zerg
  • League: Master
  • Spawn Location: 5:00

Event: NationWars IV

VOD

Have the link to the VOD?

Description

Time

  • Played on: Jan. 6, 2017, 11:28 a.m.
  • Length: 13:07

All games in this series

Show
View Real Time Build Order
Export as new Build Order

Kelazhur Terran - Winner!

Build Orders: MMM Bio 

Get SALT Encoding   

  12  0:00  SCV  
  13  0:12  SCV  
  14  0:17  Supply Depot  
  14  0:25  SCV  
  15  0:38  SCV  
  15  0:39  Barracks  
  16  0:44  Refinery  
  16  0:50  SCV  
  17  0:59  Barracks  
  17  1:03  SCV  
  18  1:15  SCV  
  19  1:21  Barracks  
  19  1:27  Reaper  
  19  1:30  Refinery  
  20  1:42  Orbital Command  
  20  1:50  Reaper  
  21  1:55  Supply Depot  
  21  1:59  Reaper  
  22  2:08  Reaper  
  23  2:17  SCV  
  23  2:20  Supply Depot  
  23  2:22  Reaper  
  25  2:31  SCV  
  25  2:32  Reaper  
  27  2:45  SCV, Reaper  
  29  2:54  Reaper  
  29  2:57  SCV  
  31  3:04  Reaper  
  31  3:09  Command Center, SCV  
  32  3:17  Reaper  
  33  3:21  SCV  
  34  3:28  Reaper  
  35  3:35  SCV  
  35  3:36  Marine  
  36  3:49  Barracks Tech Lab  
  36  3:52  SCV  
  36  3:55  Command Center  
  37  4:01  Barracks Reactor  
  37  4:09  Marine x2  
  39  4:10  Stimpack  
  39  4:14  Factory  
  39  4:17  Supply Depot  
  39  4:20  SCV  
  40  4:24  Orbital Command  
  40  4:30  Marine x2  
  42  4:34  SCV  
  43  4:38  Marine  
  43  4:39  Marine  
  44  4:46  SCV  
  44  4:50  Marine x2  
  47  4:54  SCV  
  47  4:58  SCV  
  49  5:00  Marine x2  
  49  5:02  Starport, Factory Reactor  
  49  5:06  SCV  
  52  5:09  Marine x2  
  52  5:10  SCV  
  52  5:14  Orbital Command  
  55  5:19  SCV  
  55  5:20  Marine  
  55  5:21  Marine  
  59  5:28  SCV  
  59  5:29  Marine x2  
  59  5:31  SCV  
  59  5:34  Supply Depot  
  62  5:39  Marine x2  
  64  5:43  SCV x2  
  64  5:45  SCV, Engineering Bay x2  
  67  5:50  Medivac  
  67  5:51  Medivac  
  71  5:57  Marauder  
  71  5:58  SCV  
  71  5:59  SCV  
  71  6:00  SCV  
  76  6:04  Marine  
  76  6:05  Marine  
  76  6:06  Factory Tech Lab  
  76  6:08  Barracks Reactor  
  76  6:09  Orbital Command, Refinery  
  76  6:10  SCV  
  76  6:11  Refinery  
  79  6:13  Combat Shields  
  79  6:20  Medivac, SCV  
  79  6:22  Medivac  
  84  6:30  Supply Depot  
  84  6:33  Supply Depot  
  84  6:36  Marine  
  85  6:42  Supply Depot  
  85  6:45  Terran Infantry Armor Level 1  
  85  6:46  Supply Depot  
  85  6:51  Marine x3  
  85  6:52  SCV x2  
  85  6:54  Marine  
  90  6:55  Barracks  
  90  6:56  Barracks  
  86  7:09  Marine  
  86  7:10  Marine  
  86  7:13  Liberator x2  
  77  7:20  Marine x3  
  77  7:21  SCV x3  
  78  7:25  Terran Infantry Weapons Level 1  
  78  7:27  Siege Tank  
  81  7:31  Marine  
  81  7:33  SCV x2  
  81  7:34  SCV  
  81  7:35  Supply Depot  
  91  7:40  Marine x2  
  91  7:41  Marine  
  91  7:42  Armory  
  94  7:45  Marauder, SCV  
  94  7:46  Barracks Reactor  
  94  7:48  SCV x2  
  99  7:51  Barracks Reactor  
  99  7:53  Marine  
  99  7:58  Marine, SCV  
  101  8:00  SCV x2  
  101  8:03  Marine x2  
  106  8:06  Marine  
  106  8:07  Siege Tank  
  106  8:10  SCV  
  106  8:11  Refinery  
  106  8:12  Supply Depot  
  111  8:13  SCV x2  
  111  8:15  Marine  
  114  8:21  Marine x3  
  114  8:22  SCV  
  114  8:24  Marauder  
  114  8:25  Supply Depot, SCV x2  
  122  8:33  Marine x5  
  127  8:39  Marine, Siege Tank  
  123  8:59  Marine  
  123  9:00  Marine  
  123  9:01  Marauder, Marine x5  
  129  9:04  Marine, Terran Infantry Armor Level 2  
  129  9:08  Barracks x2  
  130  9:10  Barracks, Supply Depot  
  130  9:11  Supply Depot  
  130  9:12  Supply Depot  
  130  9:14  Medivac x2  
  130  9:15  Siege Tank  
  132  9:17  Marine  
  132  9:20  Marine x2  
  132  9:21  Marine  
  132  9:22  Marauder  
  132  9:24  Terran Infantry Weapons Level 2, Marine x4  
  139  9:35  Marine  
  139  9:38  Marine x3  
  142  9:39  Supply Depot  
  142  9:40  Supply Depot  
  142  9:42  Marine x3  
  146  9:49  Marine x2  
  146  9:52  Missile Turret x2, Marine  
  147  9:56  Missile Turret, Marine  
  147  9:58  Marine x2  
  151  10:02  Marine  
  151  10:06  Liberator x2  
  151  10:17  Marine x3  
  151  10:18  Marine x2  
  151  10:20  Siege Tank  
  157  10:23  Marine  
  157  10:25  Marauder, Marine  
  157  10:26  Marine x4  
  171  10:35  Marine x2  
  172  10:41  Marine  
  172  10:42  Marine x3  
  170  10:43  Marine  
  170  10:44  Marine x4  
  173  10:50  Marine  
  173  10:52  Siege Tank  
  173  10:56  Marine  
  173  10:57  Marine  
  155  10:59  Marine x4  
  155  11:00  Marine  
  155  11:02  Marine x3  
  155  11:04  Marine  
  139  11:06  Medivac  
  139  11:08  Marine  
  138  11:21  Marine x10  
  138  11:22  Marine  
  138  11:24  Siege Tank  
  138  11:25  Medivac  
  152  11:37  Marine  
  152  11:38  Marine  
  129  11:46  Marine x10  
  133  11:55  Marine  
  133  11:56  Siege Tank  
  133  12:00  Marine  
  130  12:04  Marine x5  
  130  12:08  Marine  
  126  12:17  Medivac  
  126  12:18  Marine x6, Medivac  
  126  12:21  Marine  
  126  12:22  Marine x3  
  126  12:26  Marine x2  
  126  12:28  Siege Tank  
  127  12:36  Marine x6  
  131  12:39  Marine x2  
  131  12:44  Marine  
  138  12:56  Command Center  
Show
View Real Time Build Order
Export as new Build Order

SortOf Zerg 

Build Orders: Hatch First, Muta Ling Bane 

Get SALT Encoding   

  12  0:01  Drone  
  13  0:12  Overlord  
  13  0:16  Drone  
  14  0:31  Drone x2  
  16  0:36  Drone  
  17  0:52  Hatchery  
  17  0:54  Drone  
  17  0:57  Drone  
  18  1:09  Extractor  
  17  1:12  Spawning Pool  
  17  1:15  Drone  
  17  1:20  Drone  
  18  1:30  Drone  
  19  1:41  Overlord  
  19  1:51  Drone  
  20  1:59  Queen  
  20  2:00  Zergling x2  
  23  2:04  Queen  
  23  2:05  Zergling x2  
  23  2:07  Roach Warren  
  25  2:16  Zergling x2  
  25  2:19  Overlord  
  26  2:29  Drone  
  26  2:36  Queen  
  27  2:49  Roach x4  
  35  2:53  Zergling x2  
  35  3:02  Roach  
  35  3:03  Roach  
  38  3:07  Drone  
  39  3:13  Drone  
  39  3:18  Drone  
  41  3:22  Overlord  
  41  3:26  Drone  
  42  3:33  Overlord  
  42  3:36  Ravager x2  
  44  3:44  Drone x2  
  44  3:45  Overlord  
  44  3:46  Drone  
  47  3:49  Drone  
  48  3:57  Drone  
  48  3:58  Ravager  
  48  4:01  Drone x2  
  52  4:10  Drone  
  52  4:11  Drone  
  52  4:14  Overlord  
  52  4:16  Drone x2  
  56  4:19  Roach x2  
  56  4:21  Drone  
  61  4:24  Drone  
  62  4:32  Drone  
  62  4:33  Extractor, Drone x3  
  62  4:38  Ravager  
  66  4:39  Drone  
  66  4:40  Extractor  
  66  4:48  Drone x2  
  66  4:51  Drone  
  69  4:53  Overlord  
  69  4:57  Overlord  
  69  4:59  Hatchery  
  68  5:03  Drone x3  
  71  5:13  Overlord  
  71  5:14  Drone x3  
  74  5:22  Metabolic Boost, Evolution Chamber  
  74  5:26  Drone, Evolution Chamber  
  73  5:31  Overlord  
  73  5:34  Drone x2  
  73  5:35  Drone x2  
  77  5:37  Baneling Nest  
  77  5:42  Drone x3  
  79  5:51  Lair  
  79  5:52  Zerg Ground Armor Level 1  
  79  6:03  Extractor  
  78  6:05  Zerg Melee Weapons Level 1  
  78  6:06  Drone x2  
  78  6:07  Drone x6  
  78  6:09  Queen  
  88  6:14  Overlord  
  88  6:17  Drone  
  89  6:19  Zergling x2  
  89  6:20  Zergling x2  
  91  6:26  Zergling x8  
  91  6:27  Extractor  
  94  6:39  Baneling x2  
  94  6:41  Drone x7  
  94  6:44  Hatchery  
  100  6:50  Zergling x8  
  101  6:55  Zergling x8  
  101  6:56  Zergling x2  
  90  7:11  Zergling x6, Roach x3  
  81  7:18  Drone x2  
  81  7:21  Drone x3  
  81  7:24  Pneumatized Carapace  
  81  7:26  Centrifical Hooks  
  81  7:28  Baneling x6  
  81  7:30  Drone  
  81  7:31  Drone  
  83  7:38  Spire  
  83  7:40  Zergling x6  
  83  7:41  Baneling x2  
  83  7:42  Overseer  
  85  7:45  Zergling x4  
  85  7:49  Drone  
  85  7:51  Overlord  
  88  7:52  Spore Crawler, Queen  
  88  7:55  Drone x3  
  88  7:57  Zergling x2  
  93  7:59  Zergling x2  
  93  8:01  Ravager x3  
  93  8:03  Zergling x4  
  93  8:04  Hatchery  
  98  8:05  Queen  
  98  8:10  Overlord  
  98  8:11  Zergling x2  
  98  8:12  Zergling x2  
  102  8:14  Zergling x2  
  102  8:15  Zergling x4  
  105  8:20  Zerg Ground Armor Level 2  
  105  8:24  Zerg Melee Weapons Level 2  
  105  8:30  Zergling x2  
  105  8:31  Zergling x10  
  110  8:40  Zergling x2  
  110  8:41  Zergling x14  
  114  8:53  Zergling x8  
  114  8:55  Mutalisk x2  
  118  9:04  Overlord x2  
  117  9:12  Overlord x3  
  115  9:24  Mutalisk x5, Hatchery  
  115  9:27  Baneling x5  
  115  9:29  Overseer  
  124  9:37  Queen  
  126  9:39  Queen  
  126  9:41  Zergling x2  
  126  9:42  Zergling x8  
  133  9:47  Baneling x2  
  132  9:56  Zerg Flyer Weapons Level 1  
  132  9:57  Mutalisk x3  
  132  9:59  Overlord  
  138  10:02  Zergling x10  
  138  10:06  Baneling x7  
  141  10:14  Zergling x12  
  139  10:23  Zergling x14  
  146  10:32  Zergling x6  
  146  10:33  Zergling x10  
  152  10:42  Zergling x14  
  134  10:57  Zergling x2  
  134  11:01  Zergling x2  
  112  11:05  Zergling x28  
  112  11:09  Zergling x2  
  122  11:12  Zergling x6  
  122  11:15  Zergling x6  
  111  11:22  Mutalisk x2  
  111  11:25  Baneling  
  111  11:26  Mutalisk x3, Baneling x6  
  117  11:32  Mutalisk  
  117  11:37  Zergling x2, Mutalisk x2  
  106  11:45  Mutalisk x2  
  103  11:51  Overseer  
  103  11:53  Zergling x10  
  108  11:56  Zergling x12  
  103  12:02  Zergling x2  
  103  12:03  Zergling x6  
  103  12:04  Zergling x2  
  103  12:07  Zergling x2  
  91  12:19  Mutalisk x2  
  91  12:20  Zergling x6  
  88  12:24  Zergling x2  
  88  12:27  Mutalisk  
  86  12:30  Mutalisk  
  86  12:36  Mutalisk  
  82  12:41  Zergling x8  
  88  12:48  Zergling x8  
Tags
 
Add a new tag
Caveats
  • Supply blocks, unpowered buildings, or Contaminate may cause inaccurate times.
  • Supply counts are checked every 10 seconds.